[Event "Early Titled Tuesday Blitz | February 8 2022"]
[White "Flis, Pawel"]
[Black "Samaganova, Aleksandra"]
[WhiteFideId "1112864"]
[BlackFideId "13800221"]
[WhiteElo "1735"]
[BlackElo "1859"]
[Result "0-1"]
[Round "08"]
[TimeControl "180+1"]
[Date "2022.02.08"]
[WhiteClock "0:00:06"]
[BlackClock "0:00:03"]

1. e4 c5 2. d4 cxd4 3. Nf3 Nf6 4. e5 Nd5 5. Qxd4 e6 6. c4 Nc6 7. Qd1 Nb6 8. Nc3 d6 9. exd6 Bxd6 10. Be2 O-O 11. O-O Ne5 12. Nb5 Nxf3+ 13. Bxf3 Be5 14. Qc2 Qh4 15. g3 Qxc4 16. Qxc4 Nxc4 17. Rb1 Bd7 18. Nc3 Rab8 19. Bf4 Bxf4 20. gxf4 Nd2 21. Be4 Nxf1 22. Rxf1 b5 23. f3 b4 24. Ne2 Bb5 25. Re1 Rfd8 26. f5 e5 27. f6 gxf6 28. Ng3 Rd2 29. Nh5 Rbd8 30. Nxf6+ Kg7 31. Nh5+ Kh6 32. Nf6 Rxb2 33. Nd5 Bc4 34. Nf6 Rd6 35. Ng4+ Kg7 36. Rc1 Rd4 37. Nxe5 Bxa2 38. Nd3 Rb3 39. Nc5 Rb2 40. Nd3 Rd2 41. Rc7 b3 0-1


[Site "https://www.chess.com"]

[Event "Early Titled Tuesday Blitz | February 8 2022"]
[White "Gaehwiler, Gabriel"]
[Black "Khamzin, Olzhas"]
[WhiteFideId "1314530"]
[BlackFideId "13701690"]
[WhiteElo "2383"]
[BlackElo "2194"]
[Result "1/2-1/2"]
[Round "08"]
[TimeControl "180+1"]
[Date "2022.02.08"]
[WhiteClock "0:00:03"]
[BlackClock "0:00:31"]

1. Nf3 Nf6 2. c4 e6 3. g3 Be7 4. Bg2 d6 5. O-O Nbd7 6. d3 Rb8 7. d4 a6 8. Nc3 b5 9. b3 Bb7 10. Re1 O-O 11. Bg5 h6 12. Bxf6 Nxf6 13. Rc1 c5 14. dxc5 dxc5 15. Ne5 b4 16. Qxd8 Rfxd8 17. Na4 Bxg2 18. Kxg2 Rd2 19. Nc6 Re8 20. Nxe7+ Rxe7 21. Nxc5 a5 22. Rcd1 Rxa2 23. Ra1 Ra3 24. Rxa3 bxa3 25. Rb1 Rc7 26. Nd3 a4 27. b4 Rxc4 28. Ra1 Rc3 29. Nc5 Nd5 30. Nxa4 Rb3 31. Nc5 Rc3 32. Nd3 e5 33. f3 f6 34. Kf2 Nb6 35. Ke1 Nc4 36. Kd1 f5 37. b5 e4 38. fxe4 fxe4 39. Nf2 e3 40. Nd3 Nb2+ 41. Nxb2 axb2 42. Rb1 Rb3 43. Kc2 Rxb5 44. Rxb2 Rh5 45. Rb3 Rxh2 46. Rxe3 Kf7 47. Kd3 Kg6 48. Ke4 Rf2 49. Rf3 Rxe2+ 50. Kf4 Ra2 51. g4 Ra4+ 52. Kg3 Rb4 53. Re3 Rb5 54. Rf3 Kg5 55. Re3 g6 56. Rd3 Ra5 57. Rc3 h5 58. gxh5 Kxh5 59. Kh3 Re5 60. Kg3 Kg5 61. Ra3 Kf5 62. Rb3 Rd5 63. Ra3 Rb5 64. Rf3+ Kg5 65. Re3 Rb1 66. Rf3 Rg1+ 67. Kf2 Ra1 68. Kg3 Ra4 69. Re3 Rg4+ 70. Kh3 Rg1 71. Ra3 Kh5 72. Kh2 Rg5 73. Kh3 Rc5 74. Rb3 g5 75. Ra3 Rc4 76. Rb3 Rf4 77. Ra3 Rf1 78. Rb3 Rh1+ 79. Kg3 Ra1 80. Rc3 Rd1 81. Rb3 Rg1+ 82. Kh2 Rg4 83. Kh3 Rh4+ 84. Kg3 Rh1 85. Ra3 Rb1 86. Rc3 1/2-1/2


[Site "https://www.chess.com"]

[Event "Early Titled Tuesday Blitz | February 8 2022"]
[White "Garriga Cazorla, Pere"]
[Black "Kuzmin, Roman"]
[WhiteFideId "32011601"]
[BlackFideId "44134932"]
[WhiteElo "2458"]
[BlackElo "1978"]
[Result "1-0"]
[Round "08"]
[TimeControl "180+1"]
[Date "2022.02.08"]
[WhiteClock "0:00:25"]
[BlackClock "0:00:05"]

1. Nf3 Nf6 2. c4 e6 3. g3 d5 4. Bg2 Be7 5. O-O O-O 6. b3 Nbd7 7. d4 c6 8. Nc3 b6 9. Qc2 Bb7 10. Rd1 Rc8 11. e4 dxe4 12. Nxe4 Qe8 13. Bb2 Nxe4 14. Qxe4 Nf6 15. Qc2 c5 16. d5 exd5 17. Ng5 h6 18. Bxf6 hxg5 19. Bxe7 Qxe7 20. cxd5 Qd6 21. Qf5 Rfe8 22. Qxg5 Re5 23. Qf4 Rd8 24. Rd2 g5 25. Qg4 Bc8 26. Qc4 Rde8 27. h4 Re1+ 28. Rxe1 Rxe1+ 29. Kh2 Kg7 30. hxg5 Re8 31. Qc3+ Kg6 32. f4 Rh8+ 33. Kg1 Qe7 34. Kf2 Re8 35. Qf6+ Qxf6 36. gxf6 Kxf6 37. d6 Bd7 38. Bf3 Rh8 39. Kg2 Re8 40. g4 Re1 41. Kf2 Rc1 42. Kg3 Ra1 43. g5+ Kg6 44. Be4+ Kg7 45. f5 Rg1+ 46. Kf4 Rf1+ 47. Ke5 Re1 48. f6+ Kf8 49. Rh2 Kg8 50. Kf4 Rf1+ 51. Ke3 Re1+ 52. Kf3 Rd1 53. Bh7+ Kf8 54. Bc2 Rf1+ 55. Ke2 Bb5+ 56. Ke3 Kg8 57. a4 Bd7 58. Bh7+ Kf8 59. Bd3 Re1+ 60. Kd2 1-0


[Site "https://www.chess.com"]

[Event "Early Titled Tuesday Blitz | February 8 2022"]
[White "Gelman, Alexander"]
[Black "Kouskoutis, Georgios-Alexandros"]
[WhiteFideId "4118316"]
[BlackFideId "4234049"]
[WhiteElo "2375"]
[BlackElo "2130"]
[Result "1-0"]
[Round "08"]
[TimeControl "180+1"]
[Date "2022.02.08"]
[WhiteClock "0:00:47"]
[BlackClock "0:00:02"]

1. d4 Nf6 2. Nc3 d5 3. Bf4 e6 4. Nb5 Na6 5. e3 c6 6. Nc3 b6 7. g4 Bd6 8. g5 Bxf4 9. exf4 Ng8 10. Qd2 Ne7 11. O-O-O Qd6 12. Nf3 Nc7 13. h4 Ba6 14. Bh3 b5 15. h5 b4 16. Na4 Bb5 17. Nc5 Na6 18. Nxa6 Bxa6 19. Ne5 c5 20. g6 hxg6 21. hxg6 Nxg6 22. Nxg6 fxg6 23. dxc5 Qxc5 24. Bxe6 Rxh1 25. Rxh1 Rd8 26. f5 gxf5 27. Qg5 Qf8 28. Re1 1-0


[Site "https://www.chess.com"]

[Event "Early Titled Tuesday Blitz | February 8 2022"]
[White "Golsta, Madara"]
[Black "Fernandez, Michael"]
[WhiteFideId "11607386"]
[BlackFideId "5803560"]
[WhiteElo "1997"]
[BlackElo "2110"]
[Result "1-0"]
[Round "08"]
[TimeControl "180+1"]
[Date "2022.02.08"]
[WhiteClock "0:00:19"]
[BlackClock "0:00:03"]

1. c4 c6 2. d4 d5 3. Nc3 Nf6 4. Nf3 e6 5. e3 Nbd7 6. Bd3 dxc4 7. Bxc4 b5 8. Bd3 Bd6 9. O-O O-O 10. e4 e5 11. Bg5 h6 12. Bh4 exd4 13. Nxd4 Qc7 14. Bg3 a6 15. Nf5 Bxg3 16. hxg3 Ne5 17. Bc2 Bxf5 18. exf5 Rad8 19. Qc1 c5 20. Qf4 b4 21. Ne4 Nd5 22. Qh4 f6 23. Bb3 Kh8 24. Rac1 Qe7 25. Nxc5 Rd6 26. Ne6 Rb8 27. Rfd1 Nb6 28. Rxd6 Qxd6 29. Qh5 Qd2 30. Rd1 Qxb2 31. f4 Nec4 32. Qf7 Rg8 33. Rd8 Qc1+ 34. Kh2 1-0


[Site "https://www.chess.com"]

[Event "Early Titled Tuesday Blitz | February 8 2022"]
[White "Golubka, Petro"]
[Black "Jakubowski, Krzysztof"]
[WhiteFideId "14114224"]
[BlackFideId "1112848"]
[WhiteElo "2392"]
[BlackElo "2365"]
[Result "0-1"]
[Round "08"]
[TimeControl "180+1"]
[Date "2022.02.08"]
[WhiteClock "0:02:02"]
[BlackClock "0:00:17"]

1. d4 Nf6 2. Bg5 e6 3. Nd2 h6 4. Bxf6 Qxf6 5. c3 d5 6. e4 dxe4 7. Nxe4 Qd8 8. Bd3 Nd7 9. Qe2 Nf6 10. Nxf6+ Qxf6 11. Nf3 Bd7 12. O-O-O Bd6 13. Ne5 O-O-O 14. Kb1 Bxe5 15. dxe5 Qf4 16. g3 Qa4 17. Be4 Bc6 18. Bxc6 Qxc6 19. f4 h5 20. h4 g6 21. a3 a5 22. Qe3 b6 23. Kc2 Qg2+ 24. Kc1 a4 25. Kb1 Qc6 26. Kc1 Kb7 27. Qe2 Ka7 28. Kc2 Kb8 29. Kc1 Kb7 30. Kc2 Kb8 31. c4 Kb7 32. Kc3 Ka7 33. Kb4 Kb7 34. Qc2 Qf3 35. c5 Qxg3 36. Qe4+ Kb8 37. cxb6 Qb3+ 38. Ka5 Rxd1 39. Rxd1 Qxd1 40. bxc7+ Kxc7 41. Qc4+ Kd8 42. Qd4+ Qxd4 0-1


[Site "https://www.chess.com"]

[Event "Early Titled Tuesday Blitz | February 8 2022"]
[White "Gontcharov, Vladislav"]
[Black "Hoffmann, Asa"]
[WhiteFideId "4123492"]
[BlackFideId "2001470"]
[WhiteElo "2503"]
[BlackElo "2117"]
[Result "0-1"]
[Round "08"]
[TimeControl "180+1"]
[Date "2022.02.08"]
[WhiteClock "0:00:02"]
[BlackClock "0:00:25"]

1. e4 d6 2. d4 Nf6 3. Nc3 c6 4. h3 e5 5. Nf3 Qc7 6. Be2 Be7 7. O-O Nbd7 8. Be3 Nf8 9. a4 Ng6 10. Qd2 a5 11. d5 O-O 12. Rfd1 Bd7 13. Bd3 Nh5 14. Ne2 cxd5 15. exd5 f5 16. Nxe5 Nxe5 17. Bb5 Bxb5 18. axb5 Nc4 19. Qc3 Rac8 20. Bd4 Ne5 21. Bxe5 dxe5 22. Qxc7 Rxc7 23. c3 Bd6 24. Rxa5 b6 25. Ra6 Rb8 26. b3 Nf6 27. c4 Nd7 28. Nc1 Nc5 29. Ra2 e4 30. g3 Rbb7 31. Kf1 Ra7 32. Rdd2 Kf7 33. Ke2 f4 34. Rxa7 Rxa7 35. b4 Na4 36. Na2 Rc7 37. Rd4 fxg3 38. fxg3 Nb2 39. c5 bxc5 40. bxc5 Bxc5 41. Rxe4 Bd6 42. g4 Rc2+ 43. Kf3 Nd3 44. Re2 Ne5+ 45. Kf2 Bc5+ 46. Kf1 Rxe2 47. Kxe2 Ke7 48. Nc3 Kd6 49. Ne4+ Kxd5 50. Ng5 h6 51. Nh7 Kc4 52. h4 Kxb5 53. g5 hxg5 54. hxg5 Kc6 55. g6 Kd5 56. Ng5 Be7 57. Nh3 Ke6 58. Ke3 Kf5 59. Kf2 Nxg6 60. Kg3 Bd6+ 61. Kf3 Nh4+ 62. Ke2 Kg4 63. Nf2+ Kf4 64. Nd3+ Kg3 0-1


[Site "https://www.chess.com"]

[Event "Early Titled Tuesday Blitz | February 8 2022"]
[White "Gracia Alvarez, Gerardo Antonio"]
[Black "Iljin, Timofey"]
[WhiteFideId "5109124"]
[BlackFideId "14110180"]
[WhiteElo "2139"]
[BlackElo "2396"]
[Result "0-1"]
[Round "08"]
[TimeControl "180+1"]
[Date "2022.02.08"]
[WhiteClock "0:00:03"]
[BlackClock "0:00:13"]

1. e4 c5 2. Be2 Nc6 3. d3 Nf6 4. f4 g6 5. Nf3 Bg7 6. O-O O-O 7. Qe1 d5 8. e5 Nd7 9. c3 e6 10. d4 Qb6 11. Qf2 f6 12. exf6 Bxf6 13. dxc5 Qxc5 14. Be3 Qd6 15. Nbd2 b6 16. Rad1 Bb7 17. Ne4 Qe7 18. Nxf6+ Nxf6 19. Qh4 Rad8 20. Ne5 Ne4 21. Qxe7 Nxe7 22. g4 Nc6 23. Nxc6 Bxc6 24. Bd4 Ba4 25. b3 Bd7 26. Be5 Rc8 27. Rf3 Bc6 28. Rh3 Bb7 29. c4 g5 30. fxg5 Nf2 31. Rh6 Nxd1 32. Bxd1 dxc4 33. Bc2 cxb3 34. Bxh7+ Kf7 35. axb3 Ke7 36. Bf6+ Kd6 37. Rh3 Rc1+ 38. Kf2 Rc5 39. Ke2 e5 40. Rh6 Kd5 41. g6 Ba6+ 42. Ke3 Rxf6 43. g7 Rxh6 44. g8=Q+ Kc6 45. Qa8+ Kb5 46. Bd3+ Ka5 47. Qf8 Rh3+ 48. Kf2 Rxd3 49. Kg2 Rc2+ 0-1


[Site "https://www.chess.com"]

[Event "Early Titled Tuesday Blitz | February 8 2022"]
[White "Grandelius, Nils"]
[Black "Dobrov, Vladimir"]
[WhiteFideId "1710400"]
[BlackFideId "4136594"]
[WhiteElo "2617"]
[BlackElo "2614"]
[Result "1-0"]
[Round "08"]
[TimeControl "180+1"]
[Date "2022.02.08"]
[WhiteClock "0:00:20"]
[BlackClock "0:00:08"]

1. d4 Nf6 2. c4 e6 3. Bf4 Bb4+ 4. Nd2 O-O 5. Nf3 d5 6. e3 b6 7. cxd5 Nxd5 8. Bg3 Bb7 9. Bd3 c5 10. O-O Nc6 11. Nb3 cxd4 12. Nbxd4 Nxd4 13. Nxd4 Bc5 14. Nb3 Be7 15. a3 Bf6 16. Qe2 Qd7 17. e4 Ne7 18. Rad1 Qa4 19. e5 Qxb3 20. exf6 gxf6 21. Bc2 Qa2 22. Rd7 Bc6 23. Rxe7 Qd5 24. Qg4+ Kh8 25. Qh3 f5 26. Re1 Rae8 27. Be5+ Kg8 28. Qg3# 1-0


[Site "https://www.chess.com"]

[Event "Early Titled Tuesday Blitz | February 8 2022"]
[White "Gunina, Valentina"]
[Black "Goltseva, Ekaterina"]
[WhiteFideId "4167570"]
[BlackFideId "24173770"]
[WhiteElo "2465"]
[BlackElo "2140"]
[Result "1/2-1/2"]
[Round "08"]
[TimeControl "180+1"]
[Date "2022.02.08"]
[WhiteClock "0:00:21"]
[BlackClock "0:00:05"]

1. d4 Nf6 2. c4 e6 3. Nf3 d5 4. Nc3 dxc4 5. e4 b5 6. e5 Nd5 7. Nxb5 Nb6 8. h4 Nc6 9. Be2 Bb7 10. h5 Qd7 11. Be3 O-O-O 12. Rc1 Bb4+ 13. Kf1 Na5 14. Nc3 Nd5 15. Nxd5 Bxd5 16. Nd2 Qc6 17. f3 Bxd2 18. Qxd2 Qa4 19. Kf2 f6 20. Qc3 Rd7 21. h6 fxe5 22. dxe5 gxh6 23. Rhd1 Rhd8 24. Bxh6 c6 25. Bd2 Nb7 26. b3 cxb3 27. axb3 Qxb3 28. Qxb3 Bxb3 29. Rxc6+ Kb8 30. Rb1 Ba4 31. Rc4 Rxd2 32. Rxa4 Ka8 33. Rab4 Nc5 34. Ke3 Rc2 35. Bb5 a6 36. Bc6+ Ka7 37. Rb7+ Nxb7 38. Rxb7+ Ka8 39. Rd7+ Rxc6 40. Rxd8+ Kb7 41. g4 Rc7 42. f4 a5 43. f5 a4 44. Rd4 a3 45. Ra4 Rc3+ 46. Kd4 Rg3 47. Kc5 exf5 48. gxf5 Re3 49. Kd6 Kb6 50. e6 Rd3+ 51. Ke7 Kb5 52. Ra8 Rd4 53. f6 Ra4 54. Rb8+ Kc6 55. f7 a2 56. f8=Q a1=Q 57. Qc8+ Kd5 58. Rb5+ Ke4 59. Qc2+ Kf4 60. Qf2+ Ke4 61. Qg2+ Ke3 62. Rb3+ Kd4 63. Qg7+ Kc4 64. Qxa1 Rxa1 65. Rh3 Kd5 66. Rd3+ Ke5 67. Re3+ Kf5 68. Kf7 Ra7+ 69. e7 h5 70. Ra3 Rxe7+ 71. Kxe7 h4 72. Ra4 Kg5 73. Ke6 h3 74. Ra2 Kg4 75. Kf6 Kg3 76. Ra3+ Kg2 77. Kg5 h2 78. Ra2+ Kg1 79. Ra1+ Kg2 80. Ra2+ Kg1 81. Rxh2 Kxh2 1/2-1/2


[Site "https://www.chess.com"]

[Event "Early Titled Tuesday Blitz | February 8 2022"]
[White "Gurevich, Dmitry"]
[Black "Gombocz, Ferenc Jr."]
[WhiteFideId "2000407"]
[BlackFideId "775029"]
[WhiteElo "2506"]
[BlackElo "1913"]
[Result "1-0"]
[Round "08"]
[TimeControl "180+1"]
[Date "2022.02.08"]
[WhiteClock "0:00:09"]
[BlackClock "0:00:05"]

1. d4 d5 2. c4 c6 3. Nf3 Nf6 4. Nc3 a6 5. a4 a5 6. Bg5 dxc4 7. e3 Na6 8. Bxc4 Nb4 9. O-O Bf5 10. Ne5 e6 11. e4 Bg6 12. f4 Be7 13. f5 Bh5 14. g4 Nxg4 15. Bxe7 Qxe7 16. Nxg4 Qh4 17. Be2 exf5 18. Rxf5 O-O-O 19. Qe1 Qxe1+ 20. Rxe1 Nc2 21. Rc1 g6 22. Rxh5 gxh5 23. Ne5 Nxd4 24. Bc4 Rhg8+ 25. Kf2 Rg7 26. Ke3 c5 27. Nd5 Re8 28. Nd3 f5 29. e5 Rg2 30. Nf6 Re7 31. Kf4 Ne2+ 32. Kf3 Nxc1 33. Kxg2 Nxd3 34. Bxd3 Rxe5 35. Kf3 h4 36. b3 Kd8 37. Nh5 Re1 38. Nf4 Rh1 39. h3 Kc7 40. Bc4 Rb1 41. Nd5+ Kd6 42. Ne3 Rc1 43. Nxf5+ Ke5 44. Ne3 Rc3 45. Ke2 Ke4 46. Ng4 Rxh3 47. Nf2+ Kd4 48. Nxh3 Kc3 49. Ng5 h6 50. Nh3 h5 51. Kf3 b6 52. Nf4 Kd4 53. Nxh5 Ke5 54. Kg4 Ke4 55. Kxh4 Kf3 56. Ng7 Ke4 57. Ne6 Ke5 58. Nc7 Kd6 59. Na8 Kc6 60. Nxb6 Kxb6 61. Kg5 Kb7 62. Kf6 Kc6 63. Ke6 Kc7 64. Kd5 Kb6 65. Kd6 Kb7 66. Kxc5 Ka7 67. Kb5 1-0


[Site "https://www.chess.com"]

[Event "Early Titled Tuesday Blitz | February 8 2022"]
[White "Haddouche, Mohamed"]
[Black "Kovanova, Baira"]
[WhiteFideId "7900660"]
[BlackFideId "4164083"]
[WhiteElo "2443"]
[BlackElo "2190"]
[Result "0-1"]
[Round "08"]
[TimeControl "180+1"]
[Date "2022.02.08"]
[WhiteClock "0:00:05"]
[BlackClock "0:00:29"]

1. e4 e5 2. Nf3 Nc6 3. Bc4 Nf6 4. d3 Bc5 5. O-O d6 6. c3 a6 7. Bb3 h6 8. Nbd2 O-O 9. h3 Be6 10. Bc2 d5 11. exd5 Bxd5 12. Re1 Re8 13. b4 Bf8 14. a4 Qd7 15. Bb2 b5 16. Ne4 Nh5 17. axb5 axb5 18. Rxa8 Rxa8 19. Nxe5 Nxe5 20. Qxh5 Ra2 21. Rb1 Bxe4 22. dxe4 Nc4 23. Rd1 Qe6 24. Rd8 Rxb2 25. Qc5 Nd6 26. Bd3 Rd2 27. Qe3 Rd1+ 28. Kh2 Qe5+ 29. g3 Qxc3 30. Bxb5 Qxe3 31. fxe3 Rd2+ 32. Kg1 Nxe4 0-1


[Site "https://www.chess.com"]

[Event "Early Titled Tuesday Blitz | February 8 2022"]
[White "Hamley, Ryan"]
[Black "Thomas, Anysia"]
[WhiteFideId "30959497"]
[BlackFideId "670472"]
[WhiteElo "2473"]
[BlackElo "2002"]
[Result "1-0"]
[Round "08"]
[TimeControl "180+1"]
[Date "2022.02.08"]
[WhiteClock "0:01:27"]
[BlackClock "0:00:01"]

1. d4 Nf6 2. c4 g6 3. Nc3 d5 4. Nf3 Bg7 5. Qb3 dxc4 6. Qxc4 O-O 7. e4 a6 8. Be2 b5 9. Qd3 c5 10. dxc5 Qa5 11. O-O Nc6 12. Nd5 Nxd5 13. exd5 Bf5 14. Qb3 Na7 15. Bd2 Qc7 16. Be3 Rfd8 17. Rfd1 Rac8 18. Rac1 Qa5 19. g3 b4 20. Rc4 Nb5 21. Rxb4 Nc7 22. Ra4 Qxa4 23. Qxa4 Nxd5 24. Qxa6 Bxb2 25. Rxd5 Rxd5 26. Qxc8+ Bxc8 27. Kg2 Rd8 28. Bc4 Bf6 29. Kf1 Bb7 30. Ke2 Bxf3+ 31. Kxf3 Rc8 32. Ke4 e6 33. Kd3 Be7 34. Ba6 Rc7 35. Kc4 f5 36. Kb5 Kf7 37. c6 Bd6 38. Bb6 Re7 39. Bc8 Kf6 40. a4 Kg5 41. a5 Kf6 42. Bd8 e5 43. a6 f4 44. a7 e4 45. a8=Q e3 46. fxe3 fxe3 47. Qa1+ 1-0


[Site "https://www.chess.com"]

[Event "Early Titled Tuesday Blitz | February 8 2022"]
[White "Hansen, Eric"]
[Black "Shuvalova, Polina"]
[WhiteFideId "2606771"]
[BlackFideId "24171760"]
[WhiteElo "2568"]
[BlackElo "2355"]
[Result "1/2-1/2"]
[Round "08"]
[TimeControl "180+1"]
[Date "2022.02.08"]
[WhiteClock "0:00:09"]
[BlackClock "0:00:11"]

1. Nf3 Nf6 2. g3 e6 3. Bg2 d5 4. O-O Be7 5. c4 O-O 6. d4 dxc4 7. Qa4 a6 8. Qxc4 b5 9. Qc2 Bb7 10. Bg5 Nbd7 11. Nc3 Rc8 12. Rad1 h6 13. Bxf6 Nxf6 14. a3 Nd5 15. b4 a5 16. Ne5 axb4 17. Nxd5 Bxd5 18. Bxd5 Qxd5 19. Nc6 Bd6 20. axb4 f5 21. f3 Ra8 22. Ra1 h5 23. Kg2 h4 24. e4 fxe4 25. fxe4 h3+ 26. Kxh3 Qh5+ 27. Kg2 Rxa1 28. Rxa1 Qf3+ 29. Kg1 Qe3+ 30. Kg2 Qf3+ 31. Kg1 Qe3+ 32. Kg2 Qf3+ 1/2-1/2


[Site "https://www.chess.com"]

[Event "Early Titled Tuesday Blitz | February 8 2022"]
[White "Dronavalli, Harika"]
[Black "Harshavardhan G B"]
[WhiteFideId "5015197"]
[BlackFideId "25059009"]
[WhiteElo "2382"]
[BlackElo "1831"]
[Result "1-0"]
[Round "08"]
[TimeControl "180+1"]
[Date "2022.02.08"]
[WhiteClock "0:01:03"]
[BlackClock "0:00:32"]

1. d4 Nf6 2. c4 g6 3. g3 Bg7 4. Bg2 O-O 5. Nc3 d6 6. Nf3 Nc6 7. O-O a6 8. Bf4 Rb8 9. Rc1 h6 10. e4 g5 11. Bd2 e5 12. d5 Ne7 13. Ne1 Ng6 14. Nd3 b6 15. b4 a5 16. a3 axb4 17. Nxb4 Bd7 18. Nb5 Ra8 19. a4 Qc8 20. Ra1 Bh3 21. Qe2 Bxg2 22. Kxg2 Nd7 23. Nc6 Nc5 24. a5 bxa5 25. Rxa5 f5 26. Rxa8 Qxa8 27. exf5 Rxf5 28. Be3 Nf4+ 29. gxf4 gxf4 30. Ne7+ Kh7 31. Nxf5 fxe3 32. fxe3 Bf8 33. Nxc7 Qd8 34. Ne6 Qf6 35. Nxc5 dxc5 36. Qg4 Qg6 37. Qxg6+ Kxg6 38. e4 Kf6 39. Nxh6+ Ke7 40. Rxf8 Kxf8 41. Ng4 Ke8 42. h4 Ke7 43. h5 Kd6 44. h6 Kc7 45. h7 Kb6 46. h8=Q Ka5 47. Qb8 Ka4 48. Ne3 Ka3 49. Nd1 Ka2 50. d6 Ka3 51. d7 Ka4 52. d8=Q Ka3 53. Qa5# 1-0


[Site "https://www.chess.com"]

[Event "Early Titled Tuesday Blitz | February 8 2022"]
[White "Hartikainen, Jarmo"]
[Black "Komissarov, Alexey"]
[WhiteFideId "503134"]
[BlackFideId "4176545"]
[WhiteElo "2098"]
[BlackElo "2216"]
[Result "1-0"]
[Round "08"]
[TimeControl "180+1"]
[Date "2022.02.08"]
[WhiteClock "0:00:12"]
[BlackClock "0:00:32"]

1. e4 e5 2. Nf3 Nc6 3. Bc4 Nf6 4. Ng5 d5 5. exd5 Nd4 6. c3 b5 7. cxd4 bxc4 8. dxe5 Qxd5 9. Qf3 Qxe5+ 10. Qe3 Bd6 11. Qxe5+ Bxe5 12. Nf3 Bd6 13. O-O O-O 14. Nd4 Bb7 15. Nc3 Rfe8 16. b3 Be5 17. Nc2 Ne4 18. bxc4 Nxc3 19. dxc3 Bxc3 20. Rb1 Be4 21. Rb3 Bf6 22. Ne3 Rad8 23. Bb2 Bd3 24. Bxf6 gxf6 25. Rd1 Bxc4 26. Rxd8 Rxd8 27. Rc3 Bxa2 28. Rxc7 Ra8 29. h3 Be6 30. Nc2 a5 31. Na3 a4 32. Kf1 Rb8 33. Ra7 Rb4 34. Nc2 Bb3 35. Nxb4 1-0


[Site "https://www.chess.com"]

[Event "Early Titled Tuesday Blitz | February 8 2022"]
[White "Heinemann, Josefine"]
[Black "Kornyukov, Alexey"]
[WhiteFideId "12900460"]
[BlackFideId "4150457"]
[WhiteElo "2300"]
[BlackElo "2303"]
[Result "1-0"]
[Round "08"]
[TimeControl "180+1"]
[Date "2022.02.08"]
[WhiteClock "0:00:39"]
[BlackClock "0:01:26"]

1. e4 c5 2. Nf3 Nc6 3. d4 cxd4 4. Nxd4 e5 5. Nb5 a6 6. Nd6+ Bxd6 7. Qxd6 Qf6 8. Qxf6 Nxf6 9. Nc3 Nd4 10. Bd3 b5 11. Ne2 Nxe2 12. Kxe2 O-O 13. Bg5 Bb7 14. a4 b4 15. f3 d5 16. exd5 Nxd5 17. Kf2 h6 18. Bd2 f5 19. Bc4 a5 20. Rad1 Kh8 21. Bxd5 Bxd5 22. Bxh6 Bxf3 23. Bxg7+ Kxg7 24. gxf3 Rad8 25. Rhg1+ Kf6 26. Ke3 Rc8 27. Rd6+ Ke7 28. Rd2 Ke6 29. Rg6+ Rf6 30. Rg7 f4+ 31. Kf2 Rh6 32. Kg2 Rch8 33. Kg1 Kf6 34. Ra7 Rg6+ 35. Kh1 Kf5 36. Rxa5 Rh3 37. Re2 Rxf3 38. Raxe5+ Kg4 39. Rg2+ Kh3 40. Rxg6 Rf1+ 41. Rg1 Rf2 42. Rh5# 1-0


[Site "https://www.chess.com"]

[Event "Early Titled Tuesday Blitz | February 8 2022"]
[White "Hess, Robert"]
[Black "Sviridov, Valery"]
[WhiteFideId "2022036"]
[BlackFideId "4120680"]
[WhiteElo "2557"]
[BlackElo "2454"]
[Result "1-0"]
[Round "08"]
[TimeControl "180+1"]
[Date "2022.02.08"]
[WhiteClock "0:00:04"]
[BlackClock "0:00:04"]

1. b3 Nf6 2. Bb2 g6 3. e3 Bg7 4. d3 c5 5. Nd2 Nc6 6. Ne2 h5 7. Ne4 e6 8. Nd6+ Ke7 9. Nxc8+ Rxc8 10. g3 h4 11. Bg2 d5 12. O-O hxg3 13. fxg3 Kf8 14. Qd2 Ng4 15. Bxg7+ Kxg7 16. h3 Nf6 17. Rf2 Nd7 18. Raf1 Rf8 19. c4 dxc4 20. bxc4 Qe7 21. Qb2+ Kg8 22. Qxb7 Nce5 23. Nf4 Qd6 24. Qb3 g5 25. Nh5 Qxd3 26. h4 Qxb3 27. axb3 Ng4 28. Rd2 Nde5 29. hxg5 Kh7 30. Nf6+ Kg6 31. Be4+ Kxg5 32. Nh7+ Kh6 33. Nxf8 Rxf8 34. Rf4 f5 35. Bf3 Kg5 36. Rd6 Rf6 37. Bxg4 Nxg4 38. e4 Nh6 39. exf5 Nxf5 40. Rc6 Rg6 41. Rxc5 Kh6 42. Kf2 Nxg3 43. Rh4+ Kg7 44. Rc7+ Kf6 45. Rc8 Nf5 46. Rhh8 Ke5 47. Rc5+ Kd4 48. Ra5 Kc3 49. Rxa7 Nd4 50. Rh3+ Kc2 51. Rd7 Nxb3 52. c5 Rf6+ 53. Kg2 Rg6+ 54. Kh2 Rg5 55. c6 Rc5 56. c7 e5 57. Rh8 1-0


[Site "https://www.chess.com"]

[Event "Early Titled Tuesday Blitz | February 8 2022"]
[White "Hua, Lefong"]
[Black "Szpar, Milosz"]
[WhiteFideId "2602253"]
[BlackFideId "1184989"]
[WhiteElo "2571"]
[BlackElo "2447"]
[Result "0-1"]
[Round "08"]
[TimeControl "180+1"]
[Date "2022.02.08"]
[WhiteClock "0:00:02"]
[BlackClock "0:00:11"]

1. d4 d5 2. c4 c6 3. Nf3 Nf6 4. Nc3 e6 5. e3 Nbd7 6. Qc2 Bd6 7. b3 O-O 8. Be2 Re8 9. O-O e5 10. cxd5 cxd5 11. Nb5 Bb8 12. dxe5 Nxe5 13. Nxe5 Rxe5 14. Bb2 Bf5 15. Qd1 Re8 16. Nd4 Bg6 17. Bf3 a6 18. Rc1 h5 19. Re1 h4 20. g3 hxg3 21. hxg3 Ne4 22. Kg2 Qg5 23. Ne2 f6 24. Nf4 Bf7 25. Rh1 Bd6 26. Bh5 g6 27. Bf3 Rad8 28. Bd4 Kg7 29. Qe2 Rh8 30. Qb2 Be5 31. a4 Rxh1 32. Rxh1 Rc8 33. Rc1 Rh8 34. Rh1 Rxh1 35. Kxh1 Bxd4 36. exd4 Nxg3+ 37. fxg3 Qxg3 38. Bxd5 Qxf4 39. Bxb7 g5 40. Bg2 g4 41. d5 g3 42. Qc3 Bg6 43. Kg1 Qf2+ 44. Kh1 Be4 45. Qc7+ Kh6 46. Qc1+ Kh5 47. Qf1 Qxf1# 0-1


[Site "https://www.chess.com"]

[Event "Early Titled Tuesday Blitz | February 8 2022"]
[White "Iljushina, Olga"]
[Black "De Arruda, Leandro Formes"]
[WhiteFideId "4152280"]
[BlackFideId "22722009"]
[WhiteElo "1937"]
[BlackElo "1780"]
[Result "1-0"]
[Round "08"]
[TimeControl "180+1"]
[Date "2022.02.08"]
[WhiteClock "0:00:51"]
[BlackClock "0:00:22"]

1. d4 d5 2. c4 e6 3. Nc3 Nf6 4. cxd5 exd5 5. Bg5 c6 6. e3 Be7 7. Bd3 O-O 8. Nf3 Ne4 9. Bxe7 Qxe7 10. Bxe4 dxe4 11. Nd2 f5 12. O-O Be6 13. Qc2 Na6 14. a3 Nc7 15. b4 a6 16. Rae1 Rf6 17. f3 exf3 18. Rxf3 Rh6 19. Ref1 Qh4 20. Rh3 Qg5 21. Rg3 Qh4 22. Nf3 Qf6 23. Ne5 Nd5 24. Nxd5 cxd5 25. Qc7 b5 26. Qc6 Qd8 27. Qb7 Qf8 28. Rxg7+ Qxg7 29. Qxa8+ Qf8 30. Qxa6 Qe8 31. Qd6 Qh5 32. Qd8+ Kg7 33. Qe7+ Kg8 34. h3 Qh4 35. Qxh4 Rxh4 36. Rc1 Re4 37. Rc6 Bf7 38. Rc8+ Kg7 39. Rc7 Kg8 40. Nxf7 Rxe3 41. Nh6+ Kf8 42. Nxf5 Rxa3 43. Rxh7 Rb3 44. Nd6 Rxb4 45. Nf5 Rb1+ 46. Kf2 b4 47. Rb7 b3 48. g4 b2 49. Kg2 Ke8 50. g5 Kf8 51. g6 Kg8 52. h4 Kf8 53. h5 Ke8 54. h6 Kd8 55. h7 Kc8 56. Nd6+ 1-0


[Site "https://www.chess.com"]